 Dungeon Crawl Stone Soup version 0.18.1-5-g4a78601 (webtiles) character file.

511 Gingerlord the Skirmisher (level 7, -3/84 HPs)
             Began as a Formicid Abyssal Knight on May 11, 2016.
             Was a Priest of Lugonu.
             Killed themself with a badly aimed iceblast (4 damage)
             ... on level 4 of the Dungeon.
             The game lasted 00:06:29 (4778 turns).

Gingerlord the Skirmisher (Formicid Abyssal Knight) Turns: 4778, Time: 00:06:29

Health: -3/84      AC: 23    Str: 17      XL:     7   Next: 43%
Magic:  10/10      EV:  2    Int:  8 (11) God:    Lugonu [***...]
Gold:   247        SH:  0    Dex: 11 (12) Spells: 0 memorised, 6 levels left

rFire  . . .     SeeInvis .     h - +0 scythe
rCold  . . .     Gourm    .     (armour currently unavailable)
rNeg   + + +     Faith    .     (no shield)
rPois  +         Spirit   .     (helmet unavailable)
rElec  .         Dismiss  .     (cloak currently unavailable)
rCorr  .         Reflect  .     (gloves currently unavailable)
SustAt .         Harm     .     (boots currently unavailable)
MR     .....                    (no amulet)
Stlth  +.........               (no ring)
                                (no ring)

@: lethally poisoned (-3 -> -3), tree-form, not resistant to hostile
enchantments, very unstealthy
A: permanent stasis, dig shafts and tunnels, four strong arms, (antennae 0)
a: Depart the Abyss, Bend Space, Banish, Renounce Religion


You were on level 4 of the Dungeon.
You worshipped Lugonu.
Lugonu was most pleased with you.
You were hungry.
You were a tree.
You visited 1 branch of the dungeon, and saw 4 of its levels.
You visited the Abyss 1 time.

You collected 247 gold pieces.

Inventory:

Hand Weapons
 a - a +1 spear
 h - a +0 scythe (weapon)
Armour
 j - a +0 cloak (melded)
 p - a cursed +0 ring mail (melded)
Wands
 v - a wand of random effects (15/48)
Scrolls
 b - 3 scrolls of blinking {unknown}
 f - a scroll of recharging {unknown}
 g - 2 scrolls of remove curse {unknown}
 i - a scroll of fear {unknown}
 l - a scroll of random uselessness {unknown}
 o - 2 scrolls of amnesia {unknown}
 t - a scroll of noise {unknown}
 u - a scroll of magic mapping {unknown}
Potions
 d - 3 potions of brilliance
 e - a potion of magic
 m - 2 potions of flight
Comestibles
 c - a bread ration
 n - 2 meat rations
 s - 2 royal jellies


   Skills:
 + Level 5.0 Fighting
 + Level 4.0 Polearms
 + Level 4.1 Armour
 + Level 2.7 Dodging
 + Level 4.0 Invocations


You had 6 spell levels left.
You didn't know any spells.

Dungeon Overview and Level Annotations

Branches:
Dungeon (4/15)
 Temple: D:4-7

Altars:
Cheibriados
Fedhas
Makhleb
Sif Muna
Trog
The Shining One

Annotations:
D:3 tbh1313's ghost, amateur OgGl


Innate Abilities, Weirdness & Mutations

You are under a permanent stasis effect.
You can dig through walls and to a lower floor.
Your four strong arms can wield two-handed weapons with a shield.
((You have a pair of large antennae on your head (SInv).))


Message History

The giant gecko bites you.
* * * LOW HITPOINT WARNING * * *
You closely miss the giant gecko.
The giant gecko bites you but does no damage. x2
You miss the giant gecko.
* * * LOW HITPOINT WARNING * * *
You feel sick.
The giant gecko hisses menacingly.
The giant gecko bites you but does no damage.
The giant gecko barely misses you.
Drink which item? (? for menu, Esc to quit)
Okay, then.
Zapping:
v - a wand of random effects (will waste charges)
Press: ? - help, Shift-Dir - straight line, f - giant gecko
Aim: a giant gecko (clinging)
The mass of ice explodes!
The iceblast engulfs the giant gecko.
You kill the giant gecko!
Lugonu accepts your kill. The iceblast engulfs you!
You die...

#.................
#.................
#.................
#+######.................
......†..#'##############
.........#....#
.........#....#
.........+....#
........♣##+###
#########†...... .......
.....>. ....... .......
....... .......


There were no monsters in sight!

Vanquished Creatures
  Sigmund (D:3)
  A hound (D:3)
  Jessica (D:3)
  Natasha (thrice) (D:3)
  A worker ant (D:4)
  Terence (D:2)
  10 adders
  An ooze (D:3)
  5 worms
  2 dart slugs
  3 giant geckos
  An orc (D:3)
  3 ball pythons (D:3)
  2 giant cockroaches
  7 goblins
  2 hobgoblins
  9 jackals
  2 quokkas
  4 bats
  4 giant newts
  7 kobolds
  2 rats
72 creatures vanquished.

Notes
Turn   | Place    | Note
--------------------------------------------------------------
     0 | Abyss:1  | Gingerlord the Formicid Abyssal Knight began the quest for the Orb.
     0 | Abyss:1  | Reached XP level 1. HP: 18/18 MP: 2/2
    35 | D:1      | Escaped the Abyss
   544 | D:1      | Reached skill level 1 in Dodging
   569 | D:1      | Reached XP level 2. HP: 16/24 MP: 3/3
  1105 | D:2      | Reached XP level 3. HP: 25/29 MP: 4/4
  1209 | D:2      | Found a snail-covered altar of Cheibriados.
  1224 | D:2      | Found a deep blue altar of Sif Muna.
  1235 | D:2      | Noticed Terence
  1250 | D:2      | Killed Terence
  1250 | D:2      | Reached ** piety under Lugonu
  1250 | D:2      | Reached XP level 4. HP: 30/37 MP: 5/5
  1659 | D:2      | Found a blossoming altar of Fedhas.
  1892 | D:2      | Reached skill level 4 in Fighting
  2512 | D:3      | Reached XP level 5. HP: 41/42 MP: 7/7
  2520 | D:3      | Noticed tbh1313's ghost (amateur OgGl)
  2694 | D:3      | Found a bloodstained altar of Trog.
  2790 | D:3      | Noticed Natasha
  2801 | D:3      | Killed Natasha
  3096 | D:3      | Noticed Natasha
  3127 | D:3      | HP: 3/63 [Natasha (4)]
  3129 | D:3      | Killed Natasha
  3129 | D:3      | Reached XP level 6. HP: 3/49 MP: 8/8
  3459 | D:3      | Noticed Jessica
  3464 | D:3      | Killed Jessica
  3489 | D:3      | Noticed Sigmund
  3502 | D:3      | Noticed Natasha
  3838 | D:3      | Found a burning altar of Makhleb.
  3872 | D:3      | Killed Natasha
  4235 | D:3      | Killed Sigmund
  4235 | D:3      | Reached XP level 7. HP: 34/55 MP: 8/10
  4410 | D:3      | Reached skill level 5 in Fighting
  4415 | D:3      | Found a glowing golden altar of the Shining One.
  4481 | D:3      | Reached *** piety under Lugonu
  4773 | D:4      | HP: 4/84 [giant gecko (1)]
  4775 | D:4      | HP: 1/84 [giant gecko (3)]
  4778 | D:4      | Killed themself with a badly aimed iceblast

Skill      XL: |  1  2  3  4  5  6  7 |
---------------+----------------------+-----
Dodging        | 1 2 |  2.7
Armour         | 3 4 |  4.1
Fighting       | 4 5 |  5.0
Polearms       | 3 4 |  4.0
Invocations    | 3 4 |  4.0

Action                   |  1- 3 |  4- 6 |  7- 9 || total
-------------------------+-------+-------+-------++-------
Melee: Spear             |    84 |   259 |       ||   343
       Scythe            |       |       |    70 ||    70
Invok: Bend Space        |       |     1 |       ||     1
  Use: Scroll            |     3 |       |       ||     3
       Potion            |       |     7 |     1 ||     8
 Stab: Invisible         |       |     2 |     1 ||     3
  Eat: Chunk             |       |     9 |       ||     9
       Pizza             |       |     1 |       ||     1
       Beef jerky        |       |       |     1 ||     1
Armor: Leather armour    |    14 |       |       ||    14
       Ring mail         |     9 |    40 |    33 ||    82
       Skin              |       |     5 |     8 ||    13
Dodge: Dodged            |    32 |   110 |    52 ||   194
